 Dungeon Crawl Stone Soup version 0.31-a0-538-gbc85326fa9 (webtiles) character file.

Game seed: 6081511578646636957

1447 HallandMoats the Trooper (level 9, -2/64 (70) HPs)
             Began as a Formicid Fighter on Aug 14, 2023.
             Was a Believer of Qazlal.
             Slain by a wight
             ... wielding a +5 halberd
              (13 damage)
             ... on level 6 of the Dungeon.
             The game lasted 00:07:21 (4626 turns).

HallandMoats the Trooper (Formicid Fighter)         Turns: 4626, Time: 00:07:22

HP:   -2/64 (70)    AC: 13    Str: 29    XL:     9   Next: 4%
MP:   13/13         EV: 11    Int: 10    God:    Qazlal [**....]
Gold: 219           SH:  9    Dex: 13    Spells: 8/8 levels left

rFire   . . .        a - +1 hand axe (flame)
rCold   + . .        c - +0 buckler
rNeg    . . .        o - +4 scale mail {rC+}
rPois   .            (helmet unavailable)
rElec   .            p - +0 cloak
rCorr   .            k - +0 pair of gloves
SInv    +            (no boots)
Will    +....        (no amulet) Stlth
                     e - +6 ring of strength
HPRegen 0.30/turn    m - ring of willpower
MPRegen 0.13/turn

%: no passive effects
@: drained
A: permanent stasis, dig shafts and tunnels, antennae 3, four strong arms
a: Dig, Shaft Self, Renounce Religion, Upheaval


You were on level 6 of the Dungeon.
You worshipped Qazlal.
Qazlal was pleased with you.
You visited 1 branch of the dungeon, and saw 6 of its levels.

You collected 219 gold pieces.

Inventory:

Hand Weapons
 a - a +1 hand axe of flaming (weapon)
Missiles
 j - 2 throwing nets
Armour
 c - a +0 buckler (worn)
 k - a +0 pair of gloves (worn)
 o - a +4 scale mail of cold resistance (worn)
 p - a +0 cloak (worn)
Jewellery
 e - a +6 ring of strength (left hand)
 m - a ring of willpower (right hand)
 y - a ring of resist corrosion
Wands
 n - a wand of polymorph (12)
Scrolls
 b - a scroll of vulnerability
 i - 2 scrolls of identify
 r - a scroll of torment {unknown}
 t - a scroll of enchant armour
 w - a scroll of fear {unknown}
 z - a scroll of fog
Potions
 d - 5 potions of might
 f - a potion of brilliance {unknown}
 g - a potion of haste {unknown}
 h - 2 potions of curing
 l - a potion of cancellation {unknown}
 q - a potion of heal wounds {unknown}
 s - a potion of berserk rage {unknown}
 u - a potion of attraction {unknown}
 v - a potion of enlightenment {unknown}
 x - 2 potions of mutation {unknown}


   Skills:
 * Level 6.3 Fighting
 * Level 5.2 Axes
 + Level 5.1 Armour
 + Level 2.9 Dodging
 + Level 6.0 Shields
 * Level 5.6 Invocations


You had 8 spell levels left.
You didn't know any spells.
Your spell library was empty.

Dungeon Overview and Level Annotations

Branches:
Dungeon (6/15)
 Temple: D:4-7

Altars:
Dithmenos
Gozag
Kikubaaqudgha
Makhleb
Qazlal
Uskayaw
Xom
Yredelemnul
Zin
The Shining One

Shops:
D:4 [


Innate Abilities, Weirdness & Mutations

You cannot be hasted, slowed, berserked, paralysed or teleported.
You can dig through walls and to a lower floor.
You have a pair of large antennae on your head. (SInv)
Your four strong arms can wield two-handed weapons with a shield.


Message History

You block the black bear's attack. The black bear barely misses you.
The black bear closely misses you. The wight closely misses you.
You hit the black bear. You burn the black bear.
The black bear is almost dead.
The black bear misses you. You block the black bear's attack.
The black bear claws you. You block the wight's attack.
You hit the black bear. You burn the black bear.
You kill the black bear!
Qazlal accepts your kill. The wight barely misses you. x2
Your Shields skill increases to level 6!
You have reached level 9!
Your experience leads to an increase in your attributes!
Your base attributes are Str 21, Int 10, Dex 13.
Increase (S)trength, (I)ntelligence, or (D)exterity?
You feel stronger. x2
The wight hits you with a +5 halberd!
You feel drained.
You hit the wight. You burn the wight.
The wight is lightly damaged.
The wight completely misses you.
You hit the wight but do no damage.
The wight is lightly damaged.
You block the wight's attack.
You barely miss the wight.
The wight is lightly damaged.
You block the wight's attack.
You hit the wight but do no damage.
The wight is lightly damaged.
The wight hits you but does no damage.
You hit the wight. You burn the wight.
The wight is moderately damaged.
The wight hits you with a +5 halberd!!
* * * LOW HITPOINT WARNING * * *
You feel drained.
* * * LOW HITPOINT WARNING * * *
You barely miss the wight.
The wight is moderately damaged.
A wight comes into view. It is wielding a +0 spear.
The wight hits you with a +5 halberd!
You die...

....## ......####
.......$.###
...........### .
z............##.
................
......z.☼....# .#
##.... #.....@...!# .#
#..).# #.........##
.###....##...........#
.##....#.............#
.#................##.##
.#..............####..#
...............# ##.#
.........#.....# #†##
...##..........# #..#


You could see 2 wights.

Vanquished Creatures
  A water moccasin (D:6)
  A black bear (D:6)
  2 ice beasts (D:6)
  An ogre (D:5)
  A phantom (D:5)
  Blork the orc (D:4)
  3 scorpions
  2 jellies (D:5)
  2 hounds
  A gnoll bouda (D:5)
  An orc priest (D:4)
  Crazy Yiuf (D:2)
  A sleepcap (D:4)
  3 iguanas
  3 orc wizards
  Terence (D:2)
  Robin (D:3)
  5 adders
  8 gnolls (D:5)
  3 worms
  3 dart slugs
  12 orcs
  9 endoplasms
  2 giant cockroaches
  15 goblins
  10 hobgoblins
  6 jackals
  5 kobolds
  3 quokkas
  6 ball pythons
  4 bats
  2 frilled lizards
  3 rats
122 creatures vanquished.

Notes
Turn   | Place    | Note
-------+----------+-------------------------------------------
     0 | D:1      | HallandMoats the Formicid Fighter began the quest for the
                  | Orb.
     0 | D:1      | Reached XP level 1. HP: 18/18 MP: 1/1
    63 | D:1      | Reached XP level 2. HP: 17/24 MP: 2/2
   247 | D:1      | Reached skill level 1 in Invocations
   434 | D:1      | Found a faded altar of an unknown god.
   596 | D:2      | Reached XP level 3. HP: 29/29 MP: 3/3
   720 | D:2      | Found a stormy altar of Qazlal.
   737 | D:2      | Noticed Terence
   768 | D:2      | Became a worshipper of Qazlal Stormbringer
   827 | D:2      | Killed Terence
   828 | D:2      | Reached XP level 4. HP: 26/37 MP: 3/5
  1062 | D:2      | Reached skill level 1 in Dodging
  1253 | D:2      | Found a runed translucent door.
  1254 | D:2      | Noticed Crazy Yiuf
  1260 | D:2      | Killed Crazy Yiuf
  1261 | D:2      | Reached XP level 5. HP: 36/42 MP: 6/6
  1364 | D:3      | Found a hide-covered altar of Uskayaw.
  1617 | D:3      | Found a basalt altar of Yredelemnul.
  1622 | D:3      | Found a shadowy altar of Dithmenos.
  1624 | D:3      | Found an ancient bone altar of Kikubaaqudgha.
  1624 | D:3      | Found a burning altar of Makhleb.
  1625 | D:3      | Found a glowing golden altar of the Shining One.
  1626 | D:3      | Found a shimmering altar of Xom.
  1628 | D:3      | Found a stormy altar of Qazlal.
  1755 | D:3      | Noticed Robin
  1765 | D:3      | Reached * piety under Qazlal
  1772 | D:3      | Killed Robin
  2138 | D:4      | Noticed Blork the orc
  2148 | D:4      | Killed Blork the orc
  2149 | D:4      | Reached XP level 6. HP: 35/49 MP: 6/8
  2790 | D:4      | Reached XP level 7. HP: 55/55 MP: 9/9
  2793 | D:4      | Identified the +7 orcbow "Newtslayer" {flame, Drain rF+
                  | rC+}
  2872 | D:4      | Found Ymetaq's Antique Armour Emporium.
  2893 | D:4      | Reached skill level 5 in Shields
  3069 | D:5      | Entered Level 5 of the Dungeon
  3259 | D:5      | Reached ** piety under Qazlal
  3260 | D:5      | Reached skill level 5 in Fighting
  3519 | D:5      | Found a glowing silver altar of Zin.
  3519 | D:5      | Found an opulent altar of Gozag.
  3638 | D:5      | Reached XP level 8. HP: 47/62 MP: 11/11
  4237 | D:6      | Reached skill level 5 in Invocations
  4384 | D:6      | Reached skill level 5 in Axes
  4539 | D:6      | Reached skill level 5 in Armour
  4620 | D:6      | Reached XP level 9. HP: 53/70 MP: 13/13
  4626 | D:6      | Slain by a wight

Illustrated notes

Levels and vault maps discovered:
D:1:      orjb1_clovarrival, layout_basic, hellmonk_ecumenical_altar_dog_temple
D:2:      layout_loops_ring, basic_altar, uniq_terence, uniq_crazy_yiuf_cottage
D:3:      layout_basic, minitemple, mainiacjoe_overflow_catwalk,
          nicolae_figureground_sparkle, uniq_robin
D:4:      layout_basic, serial_glass, glass_columns_c, glass_columns_c,
          feat_on_display, feat_on_display, serial_shops, shop,
          hangedman_abyss_or_decor_lesser_grid, uniq_blork_the_orc
D:5:      layout_basic, grunt_temple_overflow_gold_and_silver
D:6:      layout_layer_cave

Skill      XL: |  1  2  3  4  5  6  7  8 |
---------------+-------------------------+-----
Invocations    | 1 2 3 4 5 |  5.6
Dodging        | 1 2 |  2.9
Fighting       | 4 5 6 |  6.3
Axes           | 3 4 5 |  5.2
Armour         | 4 5 |  5.1
Shields        | 5 6 |  6.0

Action                     |  1- 3 |  4- 6 |  7- 9 || total
---------------------------+-------+-------+-------++-------
  Melee: War axe           |    85 |   107 |    27 ||   219
         Unarmed           |     5 |       |       ||     5
         Hand axe          |       |       |   137 ||   137
    Use: Scroll            |       |       |     9 ||     9
 Armour: Scale mail        |    46 |    76 |    80 ||   202
  Dodge: Dodged            |    46 |    78 |    87 ||   211
  Block: Buckler           |    26 |    45 |    75 ||   146

Table legend: (Time is in decaauts)
 A = Elapsed time spent in this place.
 B = Non-inter-level travel time spent in this place.
 C = Inter-level travel time spent in this place.
 D = Time resting spent in this place.
 E = Time spent auto-exploring this place.
 F = Levels seen in this place.
 G = Mean time per level.
                   A        B        C        D        E       F      G
               +--------+--------+--------+--------+--------+-----+--------+
         Total |   4726 |   4594 |    132 |    527 |   3063 |   6 |  787.7 |
       Dungeon |   4726 |   4594 |    132 |    527 |   3063 |   6 |  787.7 |
               +--------+--------+--------+--------+--------+-----+--------+

Top non-repeatable levels by time:
     D:5: 1057 daAuts
     D:3: 1001 daAuts
     D:2: 787 daAuts
     D:4: 784 daAuts
     D:1: 578 daAuts
     D:6: 517 daAuts
